 Dungeon Crawl Stone Soup version 0.30-a0-1008-g30c9307041 (webtiles) character file.

Game seed: 7133084690193715585

2681 jimonade the Thaumaturge (level 9, 0/66 HPs)
             Began as a Gnoll Hedge Wizard on Apr 6, 2023.
             Slain by an orc warrior
             ... wielding the +8 whip "Snakebite" {venom, curare, rPois}
              (14 damage)
             ... in a bailey.
             The game lasted 00:44:33 (11053 turns).

jimonade the Thaumaturge (Gnoll Hedge Wizard)      Turns: 11053, Time: 00:44:34

Health: 0/66       AC:  6    Str: 12    XL:     9   Next: 64%
Magic:  21/21      EV: 14    Int: 14    God:
Gold:   252        SH:  0    Dex: 11    Spells: 8/25 levels left

rFire   + + .      SeeInvis .    a - +5 dagger of Guxoama {freeze, Fly rElec rF++ Str-2}
rCold   . . .      Faith    .    (no shield)
rNeg    . . .      Spirit   .    e - +2 robe {Will+}
rPois   .          Reflect  .    c - +0 hat
rElec   +          Rampage  .    (no cloak)
rCorr   .                        v - +1 pair of gloves
Will    +....                    (no boots)
Stlth   +++                      (no amulet)
HPRegen 0.31/turn                (no ring)
MPRegen 0.17/turn                (no ring)

@: flying, slowed, studying Shields, very slow
A: fangs 1, strong nose, distributed training
a: no special abilities


You were in a bailey.
You visited 2 branches of the dungeon, and saw 8 of its levels.
You also visited: Bailey.

You collected 490 gold pieces.
You spent 238 gold pieces at shops.

Inventory:

Hand Weapons
 a - the +5 dagger of Guxoama (weapon) {freeze, Fly rElec rF++ Str-2}
   (You found it on level 4 of the Dungeon)

   Str:       It affects your strength (-2).
   rF:        It greatly protects you from fire.
   rElec:     It insulates you from electricity.
   Fly:       It grants you flight.
 b - a +1 dagger of freezing
 w - a +0 dagger of flaming
 A - a +4 spear
 B - a +4 halberd
Missiles
 g - a throwing net
 m - a curare-tipped dart
 s - 13 poisoned darts
 x - 6 atropa-tipped darts
 C - 5 javelins
Armour
 c - a +0 hat (worn)
 e - a +2 robe of willpower (worn)
 n - a +0 leather armour
 o - a +0 buckler
 u - a +0 ring mail
 v - a +1 pair of gloves (worn)
Wands
 r - a wand of roots (17)
 z - a wand of charming (17)
Scrolls
 i - a scroll of teleportation
 j - a scroll of fear
 l - a scroll of enchant armour
 y - 2 scrolls of fog
Potions
 d - 2 potions of magic
 f - 2 potions of brilliance
 h - a potion of heal wounds {unknown}
 k - 2 potions of mutation {unknown}
 p - a potion of curing
 t - a potion of attraction


   Skills:
 + Level 4.6 Fighting
 + Level 4.6 Short Blades
 + Level 4.6 Long Blades
 + Level 4.6 Axes
 + Level 4.6 Maces & Flails
 + Level 4.6 Polearms
 + Level 4.6 Staves
 + Level 4.6 Ranged Weapons
 + Level 4.6 Throwing
 + Level 4.6 Armour
 + Level 6.6 Dodging
 + Level 6.3 Stealth
 + Level 4.6 Shields
 + Level 4.6 Unarmed Combat
 + Level 8.6 Spellcasting
 + Level 4.4 Conjurations
 + Level 3.8 Hexes
 + Level 4.4 Summonings
 + Level 3.8 Necromancy
 + Level 4.4 Translocations
 + Level 3.8 Transmutations
 + Level 3.8 Fire Magic
 + Level 3.8 Ice Magic
 + Level 3.8 Air Magic
 + Level 3.8 Earth Magic
 + Level 3.8 Poison Magic
 + Level 5.1 Invocations
 + Level 4.6 Evocations


You had 8 spell levels left.
You knew the following spells:

 Your Spells              Type           Power      Damage    Failure   Level
a - Magic Dart            Conj           72%        1d6       1%          1
b - Blink                 Tloc           36%        N/A       3%          2
c - Call Imp              Summ           18%        N/A       3%          2
d - Kiss of Death         Conj/Necr      68%        2d10      2%          1
e - Poisonous Vapours     Pois/Air       32%        N/A       3%          2
f - Mephitic Cloud        Conj/Pois/Air  17%        N/A       7%          3
g - Confusing Touch       Hex            16%        N/A       8%          3
h - Vampiric Draining     Necr           16%        2d7       8%          3

Your spell library contained the following spells:

 Spells                   Type           Power      Damage    Failure   Level
 Necrotise                Necr           64%        1d7       2%          1
 Slow                     Hex            64%        N/A       2%          1
 Cigotuvi's Dreadful Rot  Necr/Pois/Air  32%        N/A       3%          2
 Freezing Cloud           Conj/Ice/Air   8%         6-21      54%         5


Dungeon Overview and Level Annotations

Branches:
Dungeon (7/15)             Temple (1/1) D:4          Bailey (1/1)

Altars:
Ashenzari
Cheibriados
Dithmenos
Elyvilon
Fedhas
Gozag
Hepliaklqana
Kikubaaqudgha
Makhleb
Okawaru
Qazlal
Sif Muna
Trog
Uskayaw
Wu Jian
Xom
Yredelemnul
Zin
The Shining One

Shops:
D:6 [?(

Annotations:
D:2 Sigmund, Terence
D:3 Grinder
D:5 Dowan
D:7 Menkaure


Innate Abilities, Weirdness & Mutations

You have very sharp teeth.
Your uncanny sense of smell can sniff out nearby items.
Your experience applies equally to all skills.


Message History

A centaur comes into view. It is wielding a +0 spear.
A centaur comes into view. It is wielding a +0 spear.
You see here a manual of Shields.
You pick up a manual of Shields and begin studying.
An orc comes into view. It is wielding a +0 trident.
You see here a +0 spear.
You flicker for a moment.
You flicker back into view.
The centaur shouts!
The orc shouts!
The centaur shouts!
The centaur throws a javelin.
The javelin pierces through you.
The centaur throws a javelin.
The javelin pierces through you.
The centaur hits you from afar with a +0 spear.
The orc warrior hits you with the +8 whip "Snakebite" {venom, curare, rPois}!
You are poisoned.
You feel very sick.
The centaur throws a javelin.
The javelin misses you.
The centaur throws a javelin.
The javelin pierces through you.
You feel very sick.
The centaur throws a javelin.
The javelin pierces through you!
The orc warrior attacks as you move away!
The orc warrior hits you with the +8 whip "Snakebite" {venom, curare, rPois}!
* * * LOW HITPOINT WARNING * * *
You are lethally poisoned!
You are more poisoned.
You have difficulty breathing.
* * * LOW HITPOINT WARNING * * *
You feel yourself slow down.
* * * LOW HITPOINT WARNING * * *
You feel extremely sick.
The centaur throws a javelin.
The javelin pierces through you.
* * * LOW HITPOINT WARNING * * *
Okay, then.
Unknown command.
Unknown command.
Unknown command.
Okay, then.
You feel better. The orc closely misses you.
The orc warrior hits you with the +8 whip "Snakebite" {venom, curare, rPois}!
You die...

##≈≈≈≈≈≈≈≈≈≈≈
##≈≈≈≈≈≈≈≈≈≈≈≈≈≈≈≈≈≈≈≈≈#
##≈≈≈≈≈≈≈≈.......≈≈≈≈≈≈≈≈#
#≈≈≈≈≈≈≈.c≈≈≈≈≈≈≈..≈≈≈≈≈≈≈
#≈≈≈≈≈..≈≈≈.....≈≈≈..≈≈≈≈≈
#≈≈≈≈.≈≈≈.........≈≈≈.≈≈≈≈
#≈≈≈≈.≈.............≈.≈≈≈≈
#≈≈≈.≈≈.⌠.........⌠.≈≈.≈≈≈
#≈≈≈c≈..o@...........≈c≈≈≈
#≈≈.≈≈.o..≈≈≈≈≈≈≈....≈≈.≈≈
#≈≈.≈..c≈≈≈~~~~~≈≈≈..)####
#≈≈.≈..≈≈c~≈≈≈≈≈~≈≈≈......
#≈≈....~~≈≈≈)..~~≈≈≈......
#≈≈.≈..≈≈~~≈≈≈≈≈)≈≈≈).....
#≈≈.≈...≈≈≈~~~~~≈≈≈...####
#≈≈.≈≈....≈≈≈≈≈≈≈....≈≈c≈≈
#≈≈≈.≈...............≈c≈≈≈


You could see an orc warrior, 4 centaurs and an orc.

Vanquished Creatures
  A steam dragon (D:6)
  A water moccasin (D:5)
  8 orc warriors
  3 ice beasts
  2 centaurs (Bailey)
  A phantom (D:6)
  A kobold brigand (D:5)
  A scorpion (D:6)
  5 hounds
  A jelly (D:4)
  An orc priest (D:5)
  Jessica (D:3)
  A sleepcap (D:6)
  An iguana (D:5)
  4 orc wizards
  8 adders
  8 gnolls
  A shadow imp (D:6)
  An ufetubus (D:5)
  4 dart slugs
  29 orcs
  3 ball pythons
  3 endoplasms
  A giant cockroach (D:2)
  2 hobgoblins
  12 kobolds
  5 quokkas
  4 bats
  5 goblins
  3 rats
121 creatures vanquished.

Vanquished Creatures (collateral kills)
  Prince Ribbit (D:5)
  Duvessa (D:5)
  A kobold brigand (D:6)
  A howler monkey (D:6)
  2 gnolls (D:4)
  4 orcs
  An endoplasm (D:3)
  A hobgoblin (D:3)
  A quokka (D:3)
  3 kobolds
  A rat (D:3)
17 creatures vanquished.

Vanquished Creatures (others)
  13 fungi (D:6)
13 creatures vanquished.

Grand Total: 151 creatures vanquished

Notes
Turn   | Place    | Note
-------+----------+-------------------------------------------
     0 | D:1      | jimonade the Gnoll Hedge Wizard began the quest for the
                  | Orb.
     0 | D:1      | Reached XP level 1. HP: 13/13 MP: 8/8
   402 | D:1      | Reached XP level 2. HP: 19/19 MP: 3/10
  1100 | D:2      | Reached XP level 3. HP: 18/25 MP: 3/11
  1215 | D:2      | Noticed Sigmund
  1248 | D:2      | Reached skill level 1 in Invocations
  1597 | D:2      | Found a faded altar of an unknown god.
  1641 | D:2      | Learned a level 2 spell: Blink
  1644 | D:2      | Learned a level 2 spell: Call Imp
  1729 | D:2      | Reached skill level 1 in Fighting
  1729 | D:2      | Reached skill level 1 in Short Blades
  1729 | D:2      | Reached skill level 1 in Long Blades
  1729 | D:2      | Reached skill level 1 in Axes
  1729 | D:2      | Reached skill level 1 in Maces & Flails
  1729 | D:2      | Reached skill level 1 in Polearms
  1729 | D:2      | Reached skill level 1 in Staves
  1729 | D:2      | Reached skill level 1 in Ranged Weapons
  1729 | D:2      | Reached skill level 1 in Throwing
  1729 | D:2      | Reached skill level 1 in Armour
  1729 | D:2      | Reached skill level 1 in Shields
  1729 | D:2      | Reached skill level 1 in Unarmed Combat
  1729 | D:2      | Reached skill level 1 in Evocations
  1837 | D:2      | Reached XP level 4. HP: 29/32 MP: 4/13
  2015 | D:2      | Noticed Terence
  2027 | D:2      | HP: 1/32 [Terence/+0 flail (3)]
  2475 | D:3      | Noticed Grinder
  2477 | D:3      | Paralysed by Grinder for 3 turns
  2566 | D:3      | Reached skill level 1 in Hexes
  2566 | D:3      | Reached skill level 1 in Necromancy
  2566 | D:3      | Reached skill level 1 in Transmutations
  2566 | D:3      | Reached skill level 1 in Fire Magic
  2566 | D:3      | Reached skill level 1 in Ice Magic
  2566 | D:3      | Reached skill level 1 in Air Magic
  2566 | D:3      | Reached skill level 1 in Earth Magic
  2566 | D:3      | Reached skill level 1 in Poison Magic
  2717 | D:3      | Noticed Jessica
  2727 | D:3      | Killed Jessica
  2736 | D:3      | Got Jessica's Exposition on Spooky Secrets
  3151 | D:3      | Paralysed by Grinder for 2 turns
  3169 | D:4      | Identified the +5 dagger of Guxoama {freeze, Fly rElec rF++
                  | Str-2}
  3426 | D:4      | Found a staircase to the Ecumenical Temple.
  3434 | Temple   | Entered the Ecumenical Temple
  3434 | Temple   | Found a transporter.
  3434 | Temple   | Found a transporter.
  3436 | Temple   | Found a transporter.
  3436 | Temple   | Found a transporter.
  3582 | D:5      | Entered Level 5 of the Dungeon
  3591 | D:5      | Reached XP level 5. HP: 23/37 MP: 10/14
  3747 | D:5      | Noticed a kobold brigand
  4511 | D:5      | Noticed Dowan
  4609 | D:5      | Noticed an ice beast
  4609 | D:5      | Noticed a water moccasin
  4737 | D:5      | Reached XP level 6. HP: 43/44 MP: 13/16
  4740 | D:5      | Reached skill level 5 in Dodging
  4889 | D:5      | Noticed Prince Ribbit
  5048 | D:5      | Noticed an ice beast
  5160 | D:5      | Learned a level 1 spell: Kiss of Death
  5163 | D:5      | Learned a level 2 spell: Poisonous Vapours
  5716 | D:5      | Reached XP level 7. HP: 35/50 MP: 2/18
  5716 | D:5      | Noticed Duvessa
  6301 | D:5      | Reached skill level 5 in Stealth
  6835 | D:5      | Killed Prince Ribbit
  6836 | D:5      | Reached XP level 8. HP: 56/58 MP: 8/19
  7191 | D:5      | Killed Duvessa
  7311 | D:6      | Found Lozo's Armour Emporium.
  7325 | D:6      | Reached skill level 8 in Spellcasting
  7944 | D:6      | Learned a level 3 spell: Mephitic Cloud
  7948 | D:6      | Learned a level 3 spell: Confusing Touch
  8175 | D:6      | Found Cuepeico's Magic Scroll Boutique.
  8314 | D:6      | Reached XP level 9. HP: 65/65 MP: 15/21
  8443 | D:6      | Found Wyckisk's Antique Weapon Emporium.
  8451 | D:6      | Bought an encrusted trident for 238 gold pieces
  8451 | D:6      | Identified the +2 trident "Evviyt" {antimagic, rElec Dex+2}
                  | (You bought it in a shop on level 6 of the Dungeon)
  8851 | D:7      | Found a flagged portal.
  8854 | D:7      | Noticed Menkaure
  9037 | Bailey   | Entered a bailey
  9612 | Bailey   | Learned a level 3 spell: Vampiric Draining
 10512 | Bailey   | Reached skill level 5 in Invocations
 11052 | Bailey   | HP: 3/66 [centaur/javelin (3)]
 11053 | Bailey   | Slain by an orc warrior

Illustrated notes

Levels and vault maps discovered:
D:1:      giann_forest_graveyard, layout_basic, dreamdust_wishing_well,
          nrook_uturn
D:2:      layout_basic, basic_ecumenical_altar, chequers_serial_rivers_room_b,
          minmay_indecisive_spiral, uniq_sigmund, uniq_terence, uniq_natasha
D:3:      layout_basic, chequers_serial_rivers_small_a,
          kennysheep_jessica_study, uniq_grinder
D:4:      layout_loops_ring, minmay_temple_entry_trees
D:5:      layout_cave_pools, uniq_prince_ribbit1, uniq_duvessa
D:6:      layout_rooms, serial_shops, nicolae_shop_stone,
          nicolae_shop_temple_entry_statues_fountains, kennysheep_little_box,
          dreamdust_gnoll_farm
D:7:      layout_loops_corners, marbit_many_paths, enter_bailey_6, uniq_menkaure
Temple:   hellmonk_temple_divided_pantheon
Bailey:   bailey_polearm_flooded_kennysheep, bailey

Skill      XL: |  1  2  3  4  5  6  7  8  9 |
---------------+----------------------------+-----
Conjurations   | 2 3 4 |  4.4
Summonings     | 2 3 4 |  4.4
Translocations | 2 3 4 |  4.4
Invocations    | 1 2 3 4 5 |  5.1
Fighting       | 1 2 3 4 |  4.6
Short Blades   | 1 2 3 4 |  4.6
Long Blades    | 1 2 3 4 |  4.6
Axes           | 1 2 3 4 |  4.6
Maces & Flails | 1 2 3 4 |  4.6
Polearms       | 1 2 3 4 |  4.6
Staves         | 1 2 3 4 |  4.6
Ranged Weapons | 1 2 3 4 |  4.6
Throwing       | 1 2 3 4 |  4.6
Armour         | 1 2 3 4 |  4.6
Shields        | 1 2 3 4 |  4.6
Unarmed Combat | 1 2 3 4 |  4.6
Evocations     | 1 2 3 4 |  4.6
Hexes          | 1 2 3 |  3.8
Necromancy     | 1 2 3 |  3.8
Transmutations | 1 2 3 |  3.8
Fire Magic     | 1 2 3 |  3.8
Ice Magic      | 1 2 3 |  3.8
Air Magic      | 1 2 3 |  3.8
Earth Magic    | 1 2 3 |  3.8
Poison Magic   | 1 2 3 |  3.8
Dodging        | 5 6 |  6.6
Stealth        | 5 6 |  6.3
Spellcasting   | 8 |  8.6

Action                     |  1- 3 |  4- 6 |  7- 9 || total
---------------------------+-------+-------+-------++-------
  Melee: Dagger            |     3 |    61 |   103 ||   167
         Bite              |       |     4 |    11 ||    15
         Punch             |       |       |     4 ||     4
   Cast: Magic Dart        |    70 |    68 |    13 ||   151
         Call Imp          |     1 |    14 |    26 ||    41
         Blink             |       |     3 |     1 ||     4
         Poisonous Vapours |       |    17 |   171 ||   188
         Kiss of Death     |       |       |     3 ||     3
         Confusing Touch   |       |       |     2 ||     2
    Use: Scroll            |       |    13 |     2 ||    15
         Potion            |       |     1 |     2 ||     3
   Stab: Sleeping          |       |     3 |     2 ||     5
         Distracted        |       |     1 |     1 ||     2
         Confused          |       |       |     2 ||     2
 Armour: Robe              |     5 |    13 |    24 ||    42
  Dodge: Dodged            |    14 |    58 |    89 ||   161

Table legend: (Time is in decaauts)
 A = Elapsed time spent in this place.
 B = Non-inter-level travel time spent in this place.
 C = Inter-level travel time spent in this place.
 D = Time resting spent in this place.
 E = Time spent auto-exploring this place.
 F = Levels seen in this place.
 G = Mean time per level.
                   A        B        C        D        E       F      G
               +--------+--------+--------+--------+--------+-----+--------+
         Total |  11034 |  10318 |    716 |   3955 |   1784 |   9 | 1226.0 |
       Dungeon |   8985 |   8280 |    705 |   3076 |   1657 |   7 | 1283.6 |
        Temple |     34 |     23 |     11 |      0 |      2 |   1 |   34.0 |
        Bailey |   2014 |   2014 |      0 |    879 |    125 |   1 | 2014.0 |
               +--------+--------+--------+--------+--------+-----+--------+

Top non-repeatable levels by time:
     D:4: 2438 daAuts
  Bailey: 2014 daAuts
     D:5: 1609 daAuts
     D:6: 1578 daAuts
     D:1: 1262 daAuts
     D:2: 1056 daAuts
     D:3: 986 daAuts
     D:7: 53 daAuts
  Temple: 34 daAuts
